Map: Stasis LE

Players

ViBE - Winner!

  • Race: Terran Terran
  • League: Platinum
  • Spawn Location: 11:00

BigRat

  • Race: Protoss Protoss
  • League: Platinum
  • Spawn Location: 1:00

VOD

Have the link to the VOD?

Description

Time

  • Played on: Nov. 29, 2018, 10:21 p.m.
  • Length: 20:26
Show
View Real Time Build Order
Export as new Build Order

ViBE Terran - Winner!

Build Orders: Mech 

Get SALT Encoding   

  12  0:01  SCV  
  13  0:13  SCV  
  14  0:23  Supply Depot  
  14  0:26  SCV  
  15  0:45  SCV  
  15  0:47  Barracks  
  17  0:57  Refinery, SCV  
  17  1:09  SCV  
  18  1:21  SCV  
  19  1:38  Marine  
  20  1:41  Command Center, Orbital Command  
  20  1:59  Factory  
  20  2:06  SCV  
  21  2:11  Barracks Tech Lab  
  21  2:25  SCV  
  21  2:28  Supply Depot  
  22  2:37  SCV  
  22  2:49  SCV  
  23  2:53  Refinery, Supply Depot  
  23  2:54  Siege Tank  
  26  3:00  Orbital Command  
  26  3:01  SCV  
  25  3:16  Command Center  
  25  3:18  SCV  
  26  3:34  SCV x2  
  27  3:38  Siege Tank  
  31  3:48  SCV  
  31  3:49  SCV  
  33  3:56  Engineering Bay  
  33  4:00  SCV  
  33  4:01  SCV  
  35  4:10  Supply Depot  
  35  4:19  SCV x2  
  35  4:23  Siege Tank  
  40  4:28  Orbital Command  
  40  4:41  SCV  
  40  4:42  SCV  
  42  4:46  Supply Depot  
  42  4:52  Missile Turret  
  42  4:56  Missile Turret, SCV x3  
  42  4:59  Refinery  
  45  5:00  Refinery  
  45  5:07  Siege Tank  
  45  5:08  SCV x3  
  45  5:09  Supply Depot  
  45  5:10  Armory  
  51  5:14  Armory  
  51  5:20  SCV x3  
  54  5:32  SCV x2  
  56  5:36  Factory  
  56  5:37  Factory  
  56  5:42  SCV  
  57  5:44  SCV x2  
  59  5:55  SCV  
  59  5:56  SCV x2  
  62  6:02  Terran Vehicle Weapons Level 1, Terran Vehicle And Ship Armor Level 1  
  62  6:10  Orbital Command  
  62  6:15  Thor  
  62  6:17  SCV x2  
  70  6:22  Factory Reactor x2, Supply Depot  
  70  6:23  Missile Turret  
  70  6:29  SCV x2  
  72  6:39  SCV  
  73  6:41  SCV x2  
  75  6:59  Refinery  
  75  7:00  Refinery  
  75  7:02  Thor  
  75  7:03  Hellion x3  
  75  7:04  Hellion  
  89  7:14  Factory  
  89  7:15  Factory  
  89  7:17  Factory, SCV  
  89  7:18  SCV x2  
  92  7:28  Command Center  
  93  7:30  SCV x3  
  93  7:31  Hellion x3  
  93  7:32  Infernal Pre-Igniter  
  101  7:39  Supply Depot  
  101  7:40  Supply Depot x2  
  101  7:58  Terran Vehicle Weapons Level 2, Terran Vehicle And Ship Armor Level 2  
  101  8:01  Thor, Hellion x4  
  115  8:13  SCV x3  
  115  8:19  Factory Tech Lab, Supply Depot  
  118  8:20  Factory Tech Lab x2, Supply Depot  
  118  8:23  Hellion  
  118  8:25  Hellion x2  
  124  8:35  Supply Depot x3  
  124  8:39  SCV, Supply Depot, Hellion  
  124  8:40  SCV x2  
  129  8:44  Thor  
  135  8:51  Thor, Smart Servos  
  135  8:52  Missile Turret  
  147  9:03  Planetary Fortress  
  147  9:14  Thor  
  147  9:15  Refinery x2  
  153  9:20  Hellion x3  
  159  9:26  Supply Depot  
  159  9:29  Thor, Supply Depot  
  167  9:31  Hellion  
  167  9:41  SCV x3  
  167  9:42  SCV  
  171  9:48  Thor  
  171  9:50  Hellion x2  
  171  9:51  Hellion  
  183  9:59  Command Center  
  183  10:02  Thor  
  183  10:05  Hellion  
  191  10:15  Terran Vehicle Weapons Level 3  
  191  10:16  Terran Vehicle And Ship Armor Level 3  
  191  10:27  Hellion x4  
  199  10:29  SCV  
  200  10:38  Thor  
  200  10:49  Command Center  
  200  10:53  Factory  
  200  10:56  Factory  
  200  10:57  Factory x2  
  200  10:58  Factory  
  200  11:04  Factory  
  200  11:06  Factory  
  200  11:21  Neosteel Armor  
  200  11:27  Command Center  
  200  11:35  Command Center  
  200  11:40  Command Center  
  194  11:57  Thor x2  
  194  12:00  Factory Reactor x3  
  184  12:01  Factory Tech Lab x2  
  184  12:02  Factory Tech Lab x2  
  174  12:08  Orbital Command  
  174  12:12  Planetary Fortress  
  174  12:14  Thor  
  115  12:24  Thor  
  115  12:25  Thor  
  123  12:32  Thor  
  123  12:33  Thor  
  123  12:34  Hellbat  
  123  12:36  Hellbat  
  131  12:37  Hellbat  
  131  12:41  Orbital Command  
  133  12:45  Hellbat x3  
  133  12:46  Hellbat  
  133  12:47  Hellbat  
  133  12:49  Hellbat  
  145  12:51  Orbital Command  
  145  12:52  Orbital Command  
  145  13:01  Hi-Sec Auto Tracking  
  145  13:04  Thor x2  
  145  13:05  Thor  
  157  13:12  Hellbat x2  
  173  13:13  Hellbat x3  
  173  13:15  Hellbat  
  173  13:17  Hellbat  
  173  13:19  Hellbat  
  179  13:32  Thor x2  
  191  13:38  Hellbat  
  191  13:39  Hellbat x3  
  199  14:08  Refinery x2  
  199  14:10  Command Center  
  193  14:23  Thor  
  199  14:27  Factory Tech Lab  
  185  14:49  Thor  
  185  14:50  Thor x4  
  185  14:51  Hellbat  
  199  14:54  Hellbat x8  
  195  15:09  Thor  
  195  15:11  SCV  
  200  15:19  Command Center  
  200  15:22  Command Center  
  200  15:31  Command Center  
  200  15:32  Planetary Fortress  
  200  15:34  Missile Turret, Command Center  
  176  15:38  Thor  
  176  15:39  Thor x3  
  176  15:41  Hellbat  
  176  15:42  Hellbat  
  200  15:43  Hellbat  
  200  15:48  Thor  
  188  15:51  Thor  
  176  16:06  Thor x2  
  188  16:11  Hellbat  
  188  16:12  Hellbat x3  
  196  16:24  Refinery  
  196  16:25  Command Center  
  196  16:30  Refinery  
  196  16:38  Orbital Command  
  196  16:39  Orbital Command  
  196  16:50  Hellbat x2  
  200  17:19  Factory Tech Lab  
  200  17:27  Terran Ship Weapons Level 1  
  160  17:37  Orbital Command  
  148  17:49  Starport  
  148  17:51  Starport  
  142  17:53  Starport  
  142  17:54  Starport x2  
  142  17:55  Starport  
  118  17:59  Starport  
  118  18:00  Missile Turret  
  118  18:03  Orbital Command  
  118  18:04  Thor, Orbital Command  
  118  18:05  Thor x7, Starport  
  160  18:06  Hellbat x10  
  176  18:22  Planetary Fortress  
  176  18:23  Refinery  
  176  18:24  Refinery  
  162  18:36  Starport Tech Lab x5  
  162  18:37  Starport Tech Lab  
  162  18:39  Fusion Core  
  158  18:46  Starport Tech Lab  
  160  18:48  Hellbat  
  160  18:49  Thor x4, Hellbat x7  
  160  18:50  Hellbat  
  200  18:56  Fusion Core  
  188  19:30  Starport Tech Lab  
Show
View Real Time Build Order
Export as new Build Order

BigRat Protoss 

Build Orders:  

Get SALT Encoding   

  12  0:01  Probe  
  13  0:14  Pylon  
  13  0:18  Probe  
  14  0:32  Gateway  
  14  0:36  Probe  
  15  0:48  Probe  
  16  0:54  Gateway  
  16  1:00  Pylon  
  16  1:05  Assimilator  
  16  1:09  Probe  
  17  1:21  Cybernetics Core  
  17  1:24  Probe  
  18  1:31  Assimilator  
  18  1:36  Probe  
  19  1:48  Probe  
  20  1:57  Adept  
  20  2:00  Probe  
  21  2:08  Adept  
  23  2:12  Warp Gate  
  23  2:16  Adept  
  25  2:23  Probe  
  27  2:35  Probe  
  28  2:45  Adept  
  28  2:47  Pylon, Probe  
  31  3:02  Adept  
  33  3:13  Nexus  
  33  3:46  Pylon  
  33  3:47  Pylon  
  33  3:55  Twilight Council  
  33  3:58  Gateway  
  33  4:00  Gateway  
  33  4:08  Forge  
  33  4:12  Charge  
  33  4:21  Probe  
  33  4:22  Probe  
  34  4:29  Probe  
  34  4:30  Probe  
  35  4:38  Probe  
  37  4:40  Probe  
  39  4:46  Pylon  
  39  4:48  Pylon  
  39  4:53  Sentry x2  
  39  4:59  Probe x2  
  45  5:04  Protoss Ground Weapons Level 1  
  45  5:11  Probe x2  
  47  5:17  Photon Cannon  
  47  5:20  Shield Battery  
  47  5:23  Probe  
  47  5:24  Probe  
  49  5:31  Photon Cannon  
  49  5:35  Probe  
  49  5:36  Probe  
  49  5:38  Blink  
  51  5:48  Probe  
  52  5:51  Stalker x2  
  52  5:53  Stalker  
  58  6:01  Templar Archives  
  58  6:03  Probe x2  
  60  6:06  Assimilator  
  60  6:10  Assimilator  
  60  6:15  Probe x2  
  62  6:21  Stalker x2  
  66  6:27  Probe x2  
  68  6:39  Probe  
  69  6:48  Nexus  
  69  6:49  Pylon  
  69  6:52  Zealot  
  69  6:53  Zealot x2  
  75  6:57  Stalker  
  77  7:06  Psionic Storm  
  77  7:16  High Templar x2  
  77  7:19  Zealot  
  77  7:21  Zealot  
  85  7:34  Robotics Facility x2  
  85  7:36  Pylon  
  85  7:39  Resonating Glaives  
  85  7:43  Photon Cannon  
  85  7:49  Shield Battery  
  85  7:55  Zealot x2  
  85  7:56  Zealot  
  91  7:58  Stalker  
  91  8:02  Pylon  
  93  8:17  Probe x3  
  96  8:23  High Templar x3  
  102  8:28  Archon  
  102  8:29  Probe x3  
  102  8:30  Stalker  
  107  8:35  Observer x2  
  107  8:41  Probe x3, Assimilator  
  110  8:42  Assimilator  
  112  8:51  Gateway x2  
  112  8:53  Gateway  
  112  8:57  Immortal  
  116  9:05  Immortal  
  120  9:10  Photon Cannon  
  120  9:15  Probe  
  120  9:16  Probe x2  
  123  9:28  Probe x2  
  125  9:32  Pylon  
  125  9:39  Pylon  
  125  9:41  Pylon  
  125  9:42  Pylon  
  125  9:50  Probe x3  
  128  10:01  Protoss Ground Weapons Level 2  
  128  10:02  Probe x2  
  128  10:05  Zealot x5, Nexus  
  128  10:06  Zealot  
  142  10:08  Pylon, High Templar  
  142  10:09  Pylon  
  144  10:21  Immortal, Robotics Facility  
  144  10:24  Immortal  
  148  10:34  Pylon  
  152  10:40  Pylon  
  152  10:41  Pylon  
  152  10:42  Pylon  
  152  10:55  Immortal  
  152  10:59  Immortal  
  160  11:09  Immortal  
  164  11:19  Probe x4  
  168  11:29  High Templar x5  
  168  11:30  High Templar x2  
  168  11:31  Probe x3  
  168  11:32  Probe  
  186  11:34  Immortal  
  186  11:38  Immortal  
  194  11:40  Archon  
  194  11:42  Archon  
  105  12:16  Stalker x5  
  105  12:17  Zealot x2  
  111  12:25  Probe  
  111  12:26  Probe x3  
  109  12:38  Probe x4  
  109  12:39  Immortal x3  
  125  12:50  Probe  
  125  12:51  Pylon  
  126  12:53  Pylon  
  126  12:55  Pylon  
  126  12:57  Pylon  
  126  13:07  Pylon, Nexus  
  126  13:09  Pylon  
  126  13:14  High Templar x4  
  126  13:15  High Templar  
  126  13:18  Archon x2, Immortal x3  
  148  13:23  Probe x4  
  152  13:30  Photon Cannon x2  
  152  13:35  Probe x3  
  152  13:37  Photon Cannon  
  152  13:38  Protoss Ground Weapons Level 3  
  155  13:54  Assimilator  
  155  13:58  Assimilator  
  155  14:08  Zealot x3  
  155  14:09  Zealot x4  
  169  14:11  Immortal  
  169  14:12  Warp Prism  
  175  14:31  Probe  
  175  14:32  Probe x4  
  180  14:44  Probe x5  
  135  14:58  Stalker  
  135  14:59  Stalker x6  
  125  15:02  Immortal x3  
  137  15:14  Shield Battery x2  
  137  15:24  High Templar x5  
  137  15:25  High Templar  
  147  15:34  Archon x3, Immortal x3  
  111  16:07  Assimilator  
  111  16:10  Immortal x3  
  111  16:11  Assimilator  
  111  16:16  Photon Cannon x2  
  123  16:18  Photon Cannon  
  123  16:20  Zealot x4  
  123  16:21  Zealot x3  
  137  16:32  Gateway x2  
  137  16:34  Gateway  
  137  16:36  Gateway  
  137  16:44  Protoss Shields Level 1  
  137  16:45  Observer  
  137  16:49  Immortal x2  
  137  16:50  Immortal  
  149  17:12  Nexus  
  149  17:14  Pylon  
  149  17:16  Pylon  
  149  17:17  Pylon  
  149  17:22  Zealot  
  149  17:23  Stalker, Zealot x2  
  149  17:24  Stalker  
  149  17:28  Immortal  
  149  17:29  Immortal x2  
  99  17:44  Zealot x4  
  99  17:45  Zealot x5  
  73  18:12  Stalker x6  
  81  18:13  Stalker x3  
  87  18:30  Immortal x2  
  94  18:39  Probe x4  
  94  18:40  Probe  
  99  18:51  Probe x2  
  99  18:54  Immortal  
  101  19:09  Immortal  
  103  19:13  High Templar x5  
  103  19:14  High Templar x2  
  103  19:16  Immortal  
  121  19:18  Archon x2  
  121  19:19  Archon  
  121  19:33  Assimilator  
  121  19:34  Immortal, Assimilator  
  124  19:47  Nexus  
  124  19:51  Probe x5  
  117  20:03  Probe x2  
Tags
 
Composition
Mech
Matchup
PvT
Spawn Locations
Close Positions
Add a new tag
Caveats
  • Supply blocks, unpowered buildings, or Contaminate may cause inaccurate times.
  • Supply counts are checked every 10 seconds.